 Dungeon Crawl Stone Soup version 0.29.1-1-gd02db6906a (webtiles) character file.

Game seed: 8175608407897982344

86 mcbry74 the Chopper (level 4, -4/40 HPs)
             Began as a Hill Orc Berserker on Oct 3, 2022.
             Was a Believer of Trog.
             Slain by a gnoll
             ... wielding a +0 whip
              (5 damage)
             ... on level 3 of the Dungeon.
             The game lasted 00:05:52 (2988 turns).

mcbry74 the Chopper (Hill Orc Berserker)            Turns: 2988, Time: 00:05:52

Health: -4/40      AC:  6    Str: 21    XL:     4   Next: 49%
Magic:  4/4        EV: 11    Int:  7    God:    Trog [**....]
Gold:   201        SH:  0    Dex: 10    Spells: 3/3 levels left

rFire   . . .      SeeInvis .   a - +0 hand axe
rCold   . . .      Faith    .   (no shield)
rNeg    . . .      Spirit   .   m - +0 ring mail
rPois   .          Reflect  .   (no helmet)
rElec   .          Harm     .   (no cloak)
rCorr   .          Rampage  .   (no gloves)
Will    .....                   k - +0 pair of boots
Stlth   ..........              (no amulet)
HPRegen 0.13/turn               (no ring)
MPRegen 0.09/turn               (no ring)

@: no status effects
A: no striking features
a: Renounce Religion, Berserk, Trog's Hand


You were on level 3 of the Dungeon.
You worshipped Trog.
Trog was pleased with you.
You visited 1 branch of the dungeon, and saw 3 of its levels.

You collected 201 gold pieces.

Inventory:

Hand Weapons
 a - a +0 hand axe (weapon)
Missiles
 c - 58 stones (quivered)
 i - 6 boomerangs of dispersal
Armour
 b - a +0 animal skin
 d - a +0 tower shield
 k - a +0 pair of boots (worn)
 m - a +0 ring mail (worn)
Magical Staves
 s - a staff of fire
Wands
 r - a wand of flame (18)
Scrolls
 f - 2 scrolls of teleportation {unknown}
 j - a scroll of enchant weapon {unknown}
 l - a scroll of noise {unknown}
 p - a scroll of identify {unknown}
 q - a scroll of poison {unknown}
 t - a scroll of magic mapping {unknown}
Potions
 e - a potion of cancellation {unknown}
 g - a potion of heal wounds {unknown}
 h - a potion of berserk rage
 n - 2 potions of curing {unknown}
 o - 2 potions of lignification {unknown}


   Skills:
 - Level 4.0 Fighting
 * Level 5.2 Axes
 + Level 2.9 Armour
 + Level 2.1 Dodging
 + Level 1.2 Shields


You had 3 spell levels left.
You didn't know any spells.
Your spell library contained the following spells:

 Spells                   Type           Power      Damage    Failure   Level
 Blink                    Tloc           0%         N/A       75%         2
 Lesser Beckoning         Tloc           0%         N/A       92%         3
 Manifold Assault         Tloc           0%         N/A       100%        5


Dungeon Overview and Level Annotations

Branches:
Dungeon (3/15)

Altars:
Elyvilon
Qazlal


Message History

The gnoll shouts!
You see here a +0 dagger.
The gnoll hits you with a +0 halberd.
You hit the gnoll but do no damage. The gnoll hits you with a +0 halberd!
You slash the gnoll!
The gnoll is heavily wounded.
The gnoll barely misses you.
You barely miss the gnoll.
The gnoll is heavily wounded.
The gnoll hits you with a +0 halberd!
You hit the gnoll.
The gnoll is severely wounded.
The gnoll hits you with a +0 halberd!
You completely miss the gnoll.
The gnoll is severely wounded.
The gnoll hits you with a +0 halberd.
You barely miss the gnoll.
The gnoll is severely wounded.
The gnoll barely misses you.
You closely miss the gnoll.
The gnoll is severely wounded.
The gnoll barely misses you.
You barely miss the gnoll.
The gnoll is severely wounded.
The gnoll hits you with a +0 halberd.
* * * LOW HITPOINT WARNING * * *
You hit the gnoll.
The gnoll is almost dead.
The gnoll closely misses you.
You closely miss the gnoll.
The gnoll is almost dead.
The gnoll hits you with a +0 halberd!
* * * LOW HITPOINT WARNING * * *
You slash the gnoll!
You kill the gnoll!
Trog accepts your kill.
You barely miss the gnoll. The gnoll hits you with a +0 whip.
* * * LOW HITPOINT WARNING * * *
You barely miss the gnoll. The gnoll hits you with a +0 whip.
You die...

.# #†# #.#.########.## .# #.#
#.#............
#####.#############.##########.#.
#................................
#.###.#############.####.......#.
#.# #.# #.............. . #.#
#..###.......##
#.#############..# #######.#
#...........@g...# #.#
##################.).#########.#
.......<.g.# #...#.......#.#
#######.##.# #...#.#####'#.##
.... #g##.#######...#.##........
#####.#K##.........g.#.##........
.......g.........#.#.#.##........
###.#.#.########...#.#.##........
#.#.# ###.#.#.##.)......


You could see a gnoll.

Vanquished Creatures
  Ijyb (D:3)
  A gnoll (D:3)
  An adder (D:3)
  A dart slug (D:1)
  An orc (D:3)
  2 endoplasms (D:2)
  5 giant cockroaches
  9 hobgoblins
  2 quokkas
  3 ball pythons
  A bat (D:3)
  2 frilled lizards
  5 kobolds
  A rat (D:1)
35 creatures vanquished.

Notes
Turn   | Place    | Note
-------+----------+-------------------------------------------
     0 | D:1      | mcbry74 the Hill Orc Berserker began the quest for the Orb.
     0 | D:1      | Reached XP level 1. HP: 19/19 MP: 1/1
   143 | D:1      | Reached XP level 2. HP: 20/27 MP: 2/2
  1413 | D:2      | Reached XP level 3. HP: 21/33 MP: 3/3
  1675 | D:2      | Found a faded altar of an unknown god.
  1676 | D:2      | Noticed a shining eye
  1679 | D:2      | Noticed a great orb of eyes
  1691 | D:2      | Noticed a golden eye
  1691 | D:2      | Noticed a floating eye
  1770 | D:2      | Reached ** piety under Trog
  2447 | D:3      | Noticed Ijyb
  2474 | D:3      | Killed Ijyb
  2475 | D:3      | Reached skill level 5 in Axes
  2475 | D:3      | Reached skill level 1 in Shields
  2475 | D:3      | Reached XP level 4. HP: 18/40 MP: 4/4
  2786 | D:3      | Found a stormy altar of Qazlal.
  2788 | D:3      | Found a white marble altar of Elyvilon.
  2985 | D:3      | HP: 2/40 [gnoll/+0 halberd (10)]
  2988 | D:3      | Slain by a gnoll

Illustrated notes

Levels and vault maps discovered:
D:1:      dpeg_arrival_ternary, layout_basic
D:2:      layout_basic, hellmonk_ecumenical_altar_watching_god,
          chequers_serial_rivers_small_b
D:3:      layout_basic, zin_scriptorium, nicolae_overflow_hidden_temple,
          uniq_ijyb, uniq_grinder, uniq_terence

Skill      XL: |  1  2  3 |
---------------+----------+-----
Fighting       | 4 |  4.0
Axes           | 5 |  5.2
Dodging        | 2 |  2.1
Shields        | 1 |  1.2
Armour         | |  2.9

Action                   |  1- 3 |  4- 6 || total
-------------------------+-------+-------++-------
Melee: Hand axe          |   115 |    30 ||   145
       Punch             |     1 |       ||     1
Invok: Berserk           |     1 |       ||     1
Armor: Animal skin       |    14 |       ||    14
       Ring mail         |    12 |     4 ||    16
Dodge: Dodged            |    64 |    14 ||    78
